 Dungeon Crawl Stone Soup version 0.21.1-1-g345015fe64 (webtiles) character file.

2191 BrokenGlass the Ruffian (level 9, 0/65 HPs)
             Began as an Octopode Fighter on Feb 18, 2018.
             Slain by a leopard gecko (5 damage)
             ... on level 7 of the Dungeon.
             The game lasted 00:11:08 (6289 turns).

BrokenGlass the Ruffian (Octopode Fighter)          Turns: 6289, Time: 00:11:08

Health: 0/65       AC:  1    Str: 16    XL:     9   Next: 33%
Magic:  12/12      EV: 14    Int: 12    God:
Gold:   217        SH:  0    Dex: 12    Spells: 8/8 levels left

rFire    . . .     SeeInvis .     - Unarmed
rCold    . . .     Gourm    .   (no shield)
rNeg     . . .     Faith    .   (helmet restricted)
rPois    .         Spirit   .   (no amulet)
rElec    .         Reflect  .   (no ring)
rCorr    .         Harm     .   (no ring)
MR       .....                  (no ring)
Stlth    ++++......             (no ring)
HPRegen  0.20/turn              (no ring)
MPRegen  0.13/turn              (no ring)
                                (no ring)
                                (no ring)

@: no status effects
A: almost no armour, stealthy swim, amphibious, 8 rings, constrict 8, camouflage
1, gelatinous body 1
a: no special abilities


You were on level 7 of the Dungeon.
You were near starving.

You visited 2 branches of the dungeon, and saw 8 of its levels.

You collected 217 gold pieces.

Inventory:

Missiles
 k - 25 poisoned needles
 n - 42 bolts
 A - 3 javelins (quivered)
Armour
 a - a +0 shield
Jewellery
 l - an uncursed ring of poison resistance {unknown}
 x - a +4 ring of protection {unknown}
Wands
 s - a wand of enslavement (8)
 w - a wand of flame (28)
Scrolls
 d - 2 scrolls of remove curse {unknown}
 f - a scroll of magic mapping {unknown}
 g - 8 scrolls of identify {unknown}
 h - a scroll of enchant armour {unknown}
 m - a scroll of noise {unknown}
 q - a scroll of amnesia {unknown}
 r - a scroll of teleportation {unknown}
 u - a scroll of random uselessness {unknown}
 v - 2 scrolls of blinking {unknown}
 y - a scroll of immolation {unknown}
 z - 2 scrolls of fear {unknown}
Potions
 b - a potion of might
 e - 3 potions of mutation {unknown}
 i - a potion of haste {unknown}
 j - 2 potions of heal wounds
 o - 2 potions of invisibility {unknown}
 p - a potion of flight {unknown}
 t - 2 potions of curing
 B - a potion of lignification {unknown}
 C - a potion of degeneration {unknown}
 D - a potion of berserk rage {unknown}
Comestibles
 c - 14 rations


   Skills:
 * Level 7.6 Fighting
 - Level 3.0 Dodging
 + Level 5.0 Stealth
 - Level 3.0 Shields
 + Level 7.9 Unarmed Combat
 + Level 5.2 Evocations


You had 8 spell levels left.
You didn't know any spells.

Dungeon Overview and Level Annotations

Branches:
Dungeon (7/15)             Temple (1/1) D:4

Altars:
Ashenzari
Cheibriados
Dithmenos
Fedhas
Makhleb
Okawaru
Uskayaw
The Shining One

Annotations:
D:5 chimenez's ghost, amateur MiFi


Innate Abilities, Weirdness & Mutations

You cannot wear most types of armour.
You are very stealthy in the water. (Stealth+)
You are amphibious.
You can wear up to eight rings at the same time.
You can use your tentacles to constrict eight enemies at once.
Your skin changes colour to match your surroundings (Stealth+).
Your rubbery body absorbs attacks. (AC +1, EV +1)


Message History

You bludgeon the centaur!
The centaur is moderately wounded.
The centaur barely misses you.
Unknown command.
You tentacle-slap the centaur but do no damage.
The centaur is moderately wounded.
The centaur misses you.
Unknown command.
You bludgeon the centaur!
The centaur is severely wounded.
The centaur misses you. The centaur hits you.
* * * LOW HITPOINT WARNING * * *
Unknown command.
You bludgeon the centaur!
You kill the centaur!
Your Stealth skill increases to level 5!
Unknown command.
You barely miss the leopard gecko. You grab the leopard gecko.
You constrict the leopard gecko. The leopard gecko bites you.
You die...

###......## ##.[..
..........######...# .
###.<####.........########.#
##.##..................>..
#..###....#.............#
##...........#.......#
####........####....##
...##.(...####.....##
...........(@l..........
#....####.....##..........
..%.. ........##..........
##... .#.#######..........
##. .. ................. #
.o...............


oo............... ...o...[........ o.o......)....## You could see a leopard
gecko.

Vanquished Creatures
  Grinder (D:5)
  3 ogres
  A phantom (D:4)
  3 centaurs
  A big kobold (D:5)
  Dowan (D:4)
  2 scorpions
  2 howler monkeys (D:6)
  2 centaur zombies
  2 crimson imps (D:5)
  A jelly (D:5)
  3 orc priests
  5 hounds
  2 iguanas (D:6)
  Ijyb (D:4)
  4 orc wizards
  7 worker ants
  5 gnolls (D:4)
  A howler monkey skeleton (D:5)
  7 adders
  An adder skeleton (D:6)
  An adder zombie (D:5)
  2 worms
  3 dart slugs
  7 leopard geckos
  19 orcs
  2 ball pythons (D:1)
  3 bats
  4 giant cockroaches
  10 goblins
  4 hobgoblins
  3 jackals (D:3)
  3 quokkas
  4 frilled lizards
  10 kobolds
  A leopard gecko skeleton (D:5)
  A leopard gecko zombie (D:6)
  6 rats
138 creatures vanquished.

Vanquished Creatures (collateral kills)
  Duvessa (D:4)
  An orc (D:4)
2 creatures vanquished.

Vanquished Creatures (others)
  A gnoll shaman (D:4)
  A gnoll (D:7)
2 creatures vanquished.

Grand Total: 142 creatures vanquished

Notes
Turn   | Place    | Note
-------+----------+-------------------------------------------
     0 | D:1      | BrokenGlass the Octopode Fighter began the quest for the Orb.
     0 | D:1      | Reached XP level 1. HP: 16/16 MP: 1/1
   139 | D:1      | Reached XP level 2. HP: 19/21 MP: 2/2
   391 | D:1      | Reached XP level 3. HP: 19/26 MP: 3/3
   802 | D:2      | Found an iron altar of Okawaru.
  1142 | D:2      | Reached XP level 4. HP: 31/31 MP: 4/4
  1872 | D:3      | Reached skill level 5 in Unarmed Combat
  1872 | D:3      | Reached XP level 5. HP: 13/36 MP: 5/5
  2188 | D:3      | Found a burning altar of Makhleb.
  2491 | D:4      | Noticed Ijyb
  2919 | D:4      | Killed Ijyb
  2919 | D:4      | Reached XP level 6. HP: 32/42 MP: 6/6
  3026 | D:4      | Noticed Duvessa
  3026 | D:4      | Noticed Dowan
  3204 | D:4      | Noticed a phantom
  3207 | D:4      | Killed Duvessa
  3207 | D:4      | Reached skill level 1 in Evocations
  3212 | D:4      | Killed Dowan
  3220 | D:4      | Killed an ogre
  3220 | D:4      | Reached XP level 7. HP: 15/48 MP: 6/8
  3703 | D:4      | Reached skill level 5 in Fighting
  3776 | D:4      | Found a staircase to the Ecumenical Temple.
  3988 | D:4      | Found a shadowy altar of Dithmenos.
  4019 | Temple   | Entered the Ecumenical Temple
  4186 | D:5      | Entered Level 5 of the Dungeon
  4196 | D:5      | Reached XP level 8. HP: 43/56 MP: 10/10
  4334 | D:5      | Reached skill level 1 in Stealth
  4374 | D:5      | Found a snail-covered altar of Cheibriados.
  4540 | D:5      | Noticed Grinder
  4541 | D:5      | Paralysed by Grinder for 4 turns
  4549 | D:5      | Killed Grinder
  4642 | D:5      | Noticed chimenez's ghost (amateur MiFi)
  5845 | D:6      | Reached XP level 9. HP: 64/64 MP: 12/12
  6090 | D:6      | Reached skill level 5 in Evocations
  6288 | D:7      | Reached skill level 5 in Stealth
  6289 | D:7      | Slain by a leopard gecko

Skill      XL: |  1  2  3  4  5  6  7  8  9 |
---------------+----------------------------+-----
Unarmed Combat | 3 4 5 6 7 |  7.9
Evocations     | 2 3 4 5 |  5.2
Fighting       | 4 5 7 |  7.6
Stealth        | 4 5 |  5.0
Dodging        | |  3.0
Shields        | |  3.0

Action                   |  1- 3 |  4- 6 |  7- 9 || total
-------------------------+-------+-------+-------++-------
Melee: Unarmed           |    68 |    87 |   214 ||   369
       Constrict         |    20 |    13 |    50 ||    83
       Tentacles         |    13 |    10 |    47 ||    70
       Punch             |       |     5 |    10 ||    15
Evoke: Wand              |       |     1 |     4 ||     5
  Use: Potion            |       |       |     4 ||     4
 Stab: Sleeping          |     9 |     1 |    10 ||    20
  Eat: Chunk             |       |     6 |     9 ||    15
Armor: Skin              |    10 |     2 |     6 ||    18
Dodge: Dodged            |    40 |    60 |   118 ||   218
